 Dungeon Crawl Stone Soup version 0.27.0-1-g7a089689b8 (webtiles) character file.

Game seed: 12132451284847423095

295 SnakkuSnakku7 the Slasher (level 6, -7/47 HPs)
             Began as a Barachi Chaos Knight on Aug 2, 2021.
             Was a Plaything of Xom.
             Killed by divine providence
             ... invoked by an orc priest
              (11 damage)
             ... on level 5 of the Dungeon.
             The game lasted 00:05:20 (3819 turns).

SnakkuSnakku7 the Slasher (Barachi Chaos Knight)    Turns: 3819, Time: 00:05:22

Health: -7/47      AC:  7    Str: 12 (15) XL:     6   Next: 34%
Magic:  15/15      EV:  8    Int: 10 (13) God:    Xom [..*...]
Gold:   225        SH:  6    Dex: 11 (13) Spells: 5/5 levels left

rFire    + + .     SeeInvis .   a - +0 demon whip (elec)
rCold    + . .     Faith    .   r - +0 kite shield
rNeg     . . .     Spirit   .   b - +2 leather armour
rPois    +         Reflect  .   q - +1 helmet
rElec    +         Harm     .   (no cloak)
rCorr    +         Rampage  .   (no gloves)
Will     .....                  (no boots)
Stlth    +.........             (no amulet)
HPRegen  0.15/turn              h - ring of magical power
MPRegen  0.14/turn              e - ring of protection from fire

@: resistant, unable to hop, attractive, hasted, quick
A: amphibious, slowness 1, strong legs 1, +LOS, talons 1, agile 1, wild magic 1,
MP-powered wands
a: Hop, Renounce Religion


You were on level 5 of the Dungeon.
You worshipped Xom.
You were a toy of Xom.
You visited 1 branch of the dungeon, and saw 5 of its levels.

You collected 225 gold pieces.

Inventory:

Hand Weapons
 a - a +0 demon whip of electrocution (weapon)
 l - a +0 falchion of chaos
Armour
 b - a +2 leather armour (worn)
 q - a +1 helmet (worn)
 r - a +0 kite shield (worn)
Jewellery
 e - a ring of protection from fire (right hand)
 h - a ring of magical power (left hand)
 o - a ring of protection from cold
Wands
 s - a wand of acid (4)
 t - a wand of digging (4)
 x - a wand of iceblast (6)
Scrolls
 f - 3 scrolls of noise {unknown}
 m - 2 scrolls of identify {unknown}
 p - 2 scrolls of teleportation {unknown}
 v - a scroll of fog {unknown}
 y - a scroll of immolation {unknown}
Potions
 c - 2 potions of attraction
 d - a potion of heal wounds {unknown}
 g - 3 potions of haste
 i - a potion of might {unknown}
 j - a potion of flight {unknown}
 k - a potion of degeneration
 n - a potion of ambrosia {unknown}
 u - a potion of resistance
 w - a potion of curing {unknown}


   Skills:
 - Level 3.6 Fighting
 - Level 5.9 Long Blades
 + Level 5.0 Maces & Flails
 - Level 2.4 Armour
 - Level 1.1 Dodging


You had 5 spell levels left.
You didn't know any spells.
Your spell library contained the following spells:

 Spells                   Type           Power      Damage    Failure   Level
 Olgreb's Toxic Radiance  Pois           0%         N/A       100%        4
 Ozocubu's Refrigeration  Ice            0%         4d5       100%        7
 Ignition                 Fire           0%         3d3       100%        8


Dungeon Overview and Level Annotations

Branches:
Dungeon (5/15)
 Temple: D:4-7

Altars:
Kikubaaqudgha
Okawaru
Xom

Shops:
D:2 =


Innate Abilities, Weirdness & Mutations

You are amphibious.
You cover ground slowly.
You can hop short distances.
You have an extended range of vision and can be seen from far away.
You have sharp toenails.
You are agile. (Dex +2)
Your spells are a little harder to cast, but a little more powerful.
You expend magic power (3 MP) to strengthen your wands.


Message History

Unknown command.
The orc priest shouts!
The orc priest mumbles some strange prayers to Beogh against you.
Beogh smites you!
The orc priest mumbles some strange prayers to Beogh against you.
Beogh smites you!
The orc priest calls down the wrath of Beogh upon you.
Pain shoots through your body!
* * * LOW HITPOINT WARNING * * *
Xom is mildly amused.
Unknown command.
It was a potion of resistance.
You feel protected.
It was a potion of attraction.
You feel attractive to monsters.
It was a potion of haste.
You feel yourself speed up. The orc misses you.
The orc priest is pulled toward you!
It was a potion of degeneration.
There was something very wrong with that liquid.
You feel weakened.
You feel dopey.
You feel clumsy.
Xom thinks this is hilarious!
Okay, then.
Hop to where?
Press: ? - help, Dir - move target Boing!
The orc is pulled toward you! The orc wizard is pulled toward you!
The orc priest is pulled toward you!
Press: ? - help, v - describe, . - travel
Here: an orc priest, wielding a +0 club The floor.
Placed new exclusion.
Reduced exclusion size to a single square.
Removed exclusion.
It was a potion of mutation.
You feel extremely strange.
Your toenails lengthen and sharpen.
You feel agile.
You feel less in control of your magic.
You feel your magical essence link to the dungeon's wands.
The orc priest mumbles some strange prayers to Beogh against you.
Beogh smites you!
You die...
Xom snickers!

...........##.#.# .##
...........##...# ....
..........<.....###.....
..................#.....
......#..#○o.............
..... #..##o.............
#...#.o###......(......
###......####o...........
.....o..o..##.@..........
##...o###................
#.... ##....###+###....
...... #!...#.....#....
.##..o....>...#.$.$.#...
#...........#.._..#...
#o##........#.$.$.#...
##.......#.....#..
##....#.#######..


You could see an orc priest, an orc wizard and an orc.

Vanquished Creatures
  A water moccasin skeleton (D:5)
  A jelly (D:4)
  An orc priest (D:3)
  4 gnolls
  A howler monkey skeleton (D:4)
  4 adders
  2 dart slugs
  3 orcs (D:4)
  11 ball pythons
  2 bats
  8 endoplasms
  10 giant cockroaches
  7 goblins
  6 hobgoblins
  7 jackals
  2 quokkas
  2 frilled lizards
  7 kobolds
  3 rats
82 creatures vanquished.

Vanquished Creatures (collateral kills)
  An adder (D:5)
1 creature vanquished.

Vanquished Creatures (others)
  2 demonic plants (D:1)
  3 fungi (D:1)
  A withered plant (D:1)
6 creatures vanquished.

Grand Total: 89 creatures vanquished

Notes
Turn   | Place    | Note
-------+----------+-------------------------------------------
     0 | D:1      | SnakkuSnakku7 the Barachi Chaos Knight began the quest for
                  | the Orb.
     0 | D:1      | Reached XP level 1. HP: 18/18 MP: 1/1
   135 | D:1      | XOM is BORED!
   135 | D:1      | XOM: 3-stop teleportation journey
   175 | D:1      | Reached XP level 2. HP: 17/24 MP: 2/2
   623 | D:1      | Found a faded altar of an unknown god.
   681 | D:1      | Reached XP level 3. HP: 27/29 MP: 3/3
   684 | D:1      | Reached skill level 5 in Long Blades
   859 | D:1      | XOM: divination: magic mapping
  1373 | D:2      | XOM: stealth player
  1532 | D:2      | Reached XP level 4. HP: 36/36 MP: 4/4
  1558 | D:2      | Found Xaokhiara's Jewellery Boutique.
  2122 | D:2      | Found an ancient bone altar of Kikubaaqudgha.
  2154 | D:2      | XOM: draining
  2408 | D:3      | XOM: 1-stop teleportation journey
  2411 | D:3      | Reached skill level 1 in Maces & Flails
  2514 | D:4      | Reached XP level 5. HP: 24/39 MP: 5/5
  2532 | D:4      | XOM: god gift: 41 gold pieces
  2790 | D:4      | XOM: god gift: wand of digging (4)
  3001 | D:4      | XOM: god gift: 2 bubbling pink potions {god gift}
  3221 | D:3      | XOM: scenery: create altars
  3403 | D:4      | Reached XP level 6. HP: 44/47 MP: 6/6
  3719 | D:5      | Entered Level 5 of the Dungeon
  3726 | D:5      | XOM: cast spell 'Call Canine Familiar'
  3727 | D:5      | XOM: smoke on damage
  3730 | D:5      | Reached skill level 5 in Maces & Flails
  3795 | D:5      | Found an iron altar of Okawaru.
  3819 | D:5      | Gained mutation: You have sharp toenails. [potion of
                  | mutation]
  3819 | D:5      | Gained mutation: You are agile. (Dex +2) [potion of
                  | mutation]
  3819 | D:5      | Gained mutation: Your spells are a little harder to cast,
                  | but a little more powerful. [potion of mutation]
  3819 | D:5      | Gained mutation: You expend magic power (3 MP) to
                  | strengthen your wands. [potion of mutation]
  3819 | D:5      | Killed from afar by an orc priest

Illustrated notes

Levels and vault maps discovered:
D:1:      lemuel_arrival_funnel, layout_basic, shapermc_ecumenical_altar_gd,
          grunt_decor_arrowhead
D:2:      layout_basic, basic_altar, serial_forest,
          infiniplex_forest_lined_room_, infiniplex_forest_lined_3,
          serial_shops, shop_statue, minivault_5, minmay_octomino_j4
D:3:      layout_loops_cross
D:4:      layout_rooms, minmay_unequal
D:5:      layout_layer_cave, amcnicky_altar_gilded, supply_closet_lemuel,
          uniq_grinder

Skill      XL: |  1  2  3  4  5  6 |
---------------+-------------------+-----
Long Blades    | 4 5 |  5.9
Maces & Flails | 2 4 5 |  5.0
Fighting       | |  3.6
Armour         | |  2.4
Dodging        | |  1.1

Action                   |  1- 3 |  4- 6 || total
-------------------------+-------+-------++-------
Melee: Falchion          |   103 |    20 ||   123
       Demon whip        |       |    98 ||    98
 Abil: Hop               |       |     2 ||     2
Evoke: Wand              |       |     2 ||     2
  Use: Potion            |       |     5 ||     5
 Stab: Paralysed         |     2 |       ||     2
       Petrified         |     1 |       ||     1
       Sleeping          |       |     1 ||     1
Armor: Leather armour    |    52 |    44 ||    96
Dodge: Dodged            |    78 |    76 ||   154
Block: Kite shield       |       |    16 ||    16
       Rpst.: Falchion   |    24 |     3 ||    27
